 Dungeon Crawl Stone Soup version 0.15-a0-1004-gbf4e2e6 (webtiles) character file.

2510 Quh the Magician (level 9, 0/62 HPs)
             Began as a Demonspawn Wizard on May 25, 2014.
             Was a Believer of Sif Muna.
             Killed from afar by an orc wizard (7 damage)
             ... with a magic dart
             ... on Level 8 of the Dungeon.
             The game lasted 01:17:02 (11414 turns).

Quh the Magician (Demonspawn Wizard)               Turns: 11414, Time: 01:17:03

HP   0/62        AC  4     Str  7      XL: 9   Next: 28%
MP   0/21        EV 13     Int 24      God: Sif Muna [**....]
Gold 338         SH  9     Dex 11      Spells:  6 memorised,  5 levels left

rFire  . . .     SeeInvis .     y - +0,+3 spear (venom)
rCold  . . .     Clarity  .     Q - +0 robe
rNeg   . . .     Conserve .     J - +0 buckler
rPois  .         rCorr    +     b - +0 hat
rElec  .         rRot     .     M - +0 cloak
SustAb .         Spirit   +     (gloves unavailable)
rMut   .         Warding  .     (no boots)
Gourm  .         Stasis   .     x - amulet of resist corrosion
MR     +....                    l - +1 ring of evasion
                                f - ring of protection from magic

@: repel missiles, somewhat resistant to hostile enchantments, fairly stealthy
A: claws 3, molten scales 1, powered by death 1, magic shield
a: Channel Energy, Forget Spell, Renounce Religion


You were on level 8 of the Dungeon.
You worshipped Sif Muna.
Sif Muna was pleased with you.
You were hungry.

You visited 2 branches of the dungeon, and saw 9 of its levels.

You collected 338 gold pieces.

Inventory:

Hand weapons
 y - a +0,+3 spear of venom (weapon)
Armour
 b - a +0 hat (worn)
 J - a +0 buckler (worn)
 M - a +0 cloak (worn)
 Q - a +0 robe (worn)
Magical devices
 C - a wand of polymorph (10)
Comestibles
 d - 8 bread rations
 k - a chunk of giant frog flesh
 D - 11 sultanas
Scrolls
 a - a scroll of recharging {unknown}
 i - 2 scrolls of identify
 o - a scroll of enchant weapon II
 p - 2 scrolls of magic mapping
 z - a scroll of enchant armour {unknown}
 H - a scroll of random uselessness {unknown}
 K - 2 scrolls of remove curse {unknown}
Jewellery
 f - a ring of protection from magic (left claw)
 l - a +1 ring of evasion (right claw)
 n - an uncursed ring of sustain abilities
 x - an amulet of resist corrosion (around neck)
Potions
 g - a potion of paralysis {unknown}
 h - 2 potions of heal wounds
 j - 2 potions of curing
 t - a potion of might {unknown}
 u - 2 potions of haste {unknown}
 v - 2 potions of flight
 A - a potion of cure mutation {unknown}
 B - a potion of confusion {unknown}
 E - a potion of mutation {unknown}
 G - a potion of poison {unknown}
 I - a potion of beneficial mutation {unknown}
Books
 c - a book of Minor Magic

   Spells                             Type                      Level
   *Magic Dart                        Conjuration                  1
   *Blink                             Translocation                2
   *Call Imp                          Summoning                    2
   *Repel Missiles                    Charms/Air                   2
   Slow                               Hexes                        2
   *Conjure Flame                     Conjuration/Fire             3
   *Mephitic Cloud                    Conjuration/Poison/Air       3


   Skills:
 + Level 2.7 Fighting
 - Level 1.9 Dodging
 * Level 4.6 Stealth
 * Level 3.1 Shields
 * Level 5.1 Spellcasting
 * Level 4.9 Conjurations
 - Level 3.9 Summonings
 + Level 2.9 Translocations
 * Level 4.8 Air Magic
 - Level 3.1 Poison Magic
 - Level 1.0 Evocations


You had 5 spell levels left.
You knew the following spells:

 Your Spells              Type           Power        Failure   Level  Hunger
a - Magic Dart            Conj           ####         1%          1    None
b - Blink                 Tloc           N/A          4%          2    None
c - Call Imp              Summ           ####....     2%          2    None
d - Repel Missiles        Chrm/Air       ###...       6%          2    None
e - Mephitic Cloud        Conj/Pois/Air  ####....     4%          3    ##.....
f - Conjure Flame         Conj/Fire      ###.....     12%         3    ##.....


Dungeon Overview and Level Annotations

Branches:
Dungeon (8/15)             Temple (1/1) D:4
   Lair: D:8-11

Altars:
Ashenzari
Dithmenos
Elyvilon
Fedhas
Gozag
Kikubaaqudgha
Nemelex Xobeh
Okawaru
Qazlal
Sif Muna
Trog
Zin

Annotations:
D:8 Joseph


Innate Abilities, Weirdness & Mutations

You have claws for hands.
You are partially covered in molten scales (AC +1).
You can steal the life force of nearby defeated enemies.
When hurt, damage is shared between your health and your magic reserves.


Message History

Read which item? (? for menu, Esc to quit)
Okay, then.
The orc wizard casts a spell.
The orc wizard blinks!
The orc wizard mumbles some strange words.
The orc wizard blinks!
The orc wizard points at you and mumbles some strange words.
The magic dart hits you!
* * * LOW HITPOINT WARNING * * *
Found a scroll of teleportation.
The orc hits you with a club.
* * * LOW HITPOINT WARNING * * *
The orc wizard gestures at you while chanting.
The magic dart hits you!
* * * LOW HITPOINT WARNING * * *
The orc wizard mumbles some strange words.
You feel troubled.
The orc wizard gestures at you while chanting.
The magic dart hits you!
You die...

##########################
....(.(((.................
..............@oo..######?
..............o.@o.#
#######............#
#.....o...(..#
#..............
#........#######
#........# #........# ...#


You could see Joseph, 3 orc wizards and 2 orcs.

Vanquished Creatures
  Prince Ribbit (D:6)
  2 hippogriffs
  A phantom (D:4)
  2 sky beasts
  2 orc warriors
  A centaur (D:7)
  A giant frog (D:7)
  A gnoll sergeant (D:5)
  3 wights (D:7)
  3 scorpions
  A giant frog zombie (D:6)
  4 crimson imps
  A giant frog skeleton (D:7)
  2 hounds (D:7)
  3 iguanas
  An orc priest (D:7)
  3 worker ants
  3 orc wizards (D:8)
  14 gnolls
  8 adders
  3 giant mites (D:5)
  A white imp (D:8)
  A worm (D:4)
  3 shadow imps
  A gnoll skeleton (D:7)
  6 giant geckos
  7 orcs
  A ball python (D:1)
  7 giant cockroaches
  17 goblins
  11 hobgoblins
  8 jackals
  16 kobolds
  3 quokkas
  16 bats
  6 giant newts
  14 rats
  A rat skeleton (D:4)
  2 ballistomycetes (D:7)
181 creatures vanquished.

Vanquished Creatures (collateral kills)
  An ice beast (D:5)
  2 black bears (D:7)
  An ogre (D:3)
  2 giant frogs
  4 wights (D:7)
  An orc priest (D:7)
  2 hounds
  A centaur skeleton (D:5)
  A jelly (D:6)
  A worker ant (D:4)
  9 gnolls
  An adder (D:2)
  2 giant mites
  A worm (D:5)
  An iguana zombie (D:6)
  The ghost of chei the Insei, a weakling OpMo (D:3)
  2 giant geckos (D:2)
  5 orcs
  2 bats
  A hobgoblin (D:5)
  A kobold (D:4)
  A giant newt (D:4)
  A goblin (D:3)
  A rat skeleton (D:6)
45 creatures vanquished.

Vanquished Creatures (others)
  14 crimson imps
  3 iron imps (D:7)
  7 shadow imps
  17 white imps
  A giant spore (D:7)
42 creatures vanquished.

Grand Total: 268 creatures vanquished

Notes
Turn   | Place    | Note
--------------------------------------------------------------
     0 | D:1      | Quh, the Demonspawn Wizard, began the quest for the Orb.
     0 | D:1      | Reached XP level 1. HP: 13/13 MP: 4/4
   250 | D:1      | Gained mutation: You can steal the life force of nearby defeated enemies. [demonic ancestry]
   250 | D:1      | Reached XP level 2. HP: 20/20 MP: 0/6
   363 | D:1      | Learned a level 2 spell: Blink
   366 | D:1      | Learned a level 2 spell: Call Imp
   369 | D:1      | Learned a level 2 spell: Repel Missiles
   589 | D:1      | Reached skill level 1 in Translocations
   901 | D:1      | Gained mutation: You are partially covered in molten scales (AC +1). [demonic ancestry]
   901 | D:1      | Reached XP level 3. HP: 25/25 MP: 4/8
  1589 | D:2      | Reached skill level 1 in Air Magic
  1843 | D:2      | Gained mutation: When hurt, damage is shared between your health and your magic reserves. [demonic ancestry]
  1843 | D:2      | Reached XP level 4. HP: 29/31 MP: 0/9
  2621 | D:3      | Found a bloodstained altar of Trog.
  2627 | D:3      | Noticed chei's ghost (weakling OpMo)
  2650 | D:3      | Killed chei's ghost
  3280 | D:3      | Found an ancient bone altar of Kikubaaqudgha.
  3331 | D:3      | Found a glowing silver altar of Zin.
  3859 | D:4      | Reached XP level 5. HP: 30/36 MP: 1/11
  3950 | D:4      | Learned a level 3 spell: Mephitic Cloud
  3982 | D:4      | Noticed an ogre
  4062 | D:4      | Found a staircase to the Ecumenical Temple.
  4439 | D:3      | Killed an ogre
  4439 | D:3      | Reached skill level 4 in Spellcasting
  4725 | D:4      | Gained mutation: You have sharp fingernails. [demonic ancestry]
  4725 | D:4      | Reached XP level 6. HP: 42/42 MP: 11/15
  4793 | Temple   | Entered the Ecumenical Temple
  4801 | Temple   | Became a worshipper of Sif Muna the Loreminder
  5230 | D:5      | Entered Level 5 of the Dungeon
  5416 | D:5      | HP: 1/42 [ice beast (6)]
  5445 | D:5      | Reached skill level 1 in Fighting
  5445 | D:5      | Reached skill level 1 in Poison Magic
  6339 | D:4      | Reached XP level 7. HP: 21/48 MP: 2/17
  6345 | D:4      | HP: 2/48 [poisoned by a kobold]
  7087 | D:6      | Found an iron altar of Okawaru.
  7447 | D:6      | Noticed Prince Ribbit
  7449 | D:6      | Reached skill level 1 in Evocations
  7771 | D:5      | Acquired Sif Muna's first power
  8114 | D:6      | Reached skill level 1 in Shields
  8114 | D:6      | Gained mutation: You have very sharp fingernails. [demonic ancestry]
  8114 | D:6      | Reached XP level 8. HP: 52/54 MP: 8/18
  8477 | D:6      | Learned a level 3 spell: Conjure Flame
  8896 | D:6      | Killed Prince Ribbit
  9674 | D:7      | Acquired Sif Muna's second power
 10258 | D:7      | Gained mutation: You have claws for hands. [demonic ancestry]
 10258 | D:7      | Reached XP level 9. HP: 48/62 MP: 2/20
 11213 | D:8      | Reached skill level 5 in Spellcasting
 11311 | D:8      | Found a flagged portal.
 11403 | D:8      | Noticed Joseph
 11414 | D:8      | Killed from afar by an orc wizard

Action                   |  1- 3 |  4- 6 |  7- 9 || total
-------------------------+-------+-------+-------++-------
Melee: Unarmed           |    32 |     4 |     5 ||    41
       Spear             |       |    42 |   134 ||   176
       Hand axe          |       |       |     6 ||     6
 Cast: Magic Dart        |   119 |   134 |   216 ||   469
       Call Imp          |     8 |    51 |    78 ||   137
       Blink             |     1 |    10 |     7 ||    18
       Mephitic Cloud    |       |     8 |    33 ||    41
       Repel Missiles    |       |       |     1 ||     1
Evoke: Wand              |       |       |     1 ||     1
  Use: Scroll            |       |     4 |     7 ||    11
       Potion            |       |       |     1 ||     1
 Stab: Confused          |       |       |     1 ||     1
       Distracted        |       |       |     2 ||     2
